[Event "Titled Tuesday Blitz September 21 2021"]
[White "Gallegos Diaz, Carlos Alberto"]
[Black "Harikrishna, Pentala"]
[WhiteFideId "3900886"]
[BlackFideId "5007003"]
[WhiteElo "2362"]
[BlackElo "2614"]
[Result "0-1"]
[Round "01"]
[TimeControl "180+1"]
[Date "2021.09.21"]
[WhiteClock "0:00:02"]
[BlackClock "0:00:52"]

1. e4 c6 2. d3 d5 3. Nf3 dxe4 4. dxe4 Qxd1+ 5. Kxd1 Nf6 6. Bd3 Nbd7 7. Ke2 Nc5 8. Nc3 Bg4 9. Be3 Nfd7 10. h3 Nxd3 11. cxd3 Bh5 12. g4 Bg6 13. Nh4 e5 14. Nf5 f6 15. Rac1 Bf7 16. Rhd1 h5 17. Kf3 Be6 18. Rh1 Kf7 19. d4 exd4 20. Bxd4 g6 21. Ng3 c5 22. Be3 Ne5+ 23. Kg2 hxg4 24. hxg4 Rxh1 25. Rxh1 Bxg4 26. Rh7+ Bg7 27. f4 Rg8 28. fxe5 Ke6 29. exf6 Bxf6 30. Rxb7 Bd4 31. Bxd4 cxd4 32. Nd5 Rf8 33. Rxa7 d3 34. Ra6+ Ke5 35. Nc3 d2 36. Ra5+ Kf4 37. Rd5 Rh8 38. Rxd2 Bf3+ 39. Kg1 Kxg3 40. Ne2+ Kg4 41. Kf2 g5 42. Nd4 Bxe4 43. Ke3 Bh1 44. Nb5 Re8+ 45. Kf2 Rf8+ 46. Kg1 Bf3 47. Nd4 Be4 48. Rf2 Rd8 49. Rd2 Rh8 50. Nb3 Kg3 0-1


[Site "https://www.chess.com"]

[Event "Titled Tuesday Blitz September 21 2021"]
[White "Garcia Garcia, Alejandro"]
[Black "Siva Mahadevan"]
[WhiteFideId "3516334"]
[BlackFideId "25043153"]
[WhiteElo "2131"]
[BlackElo "2203"]
[Result "0-1"]
[Round "01"]
[TimeControl "180+1"]
[Date "2021.09.21"]
[WhiteClock "0:02:18"]
[BlackClock "0:02:32"]

1. Nf3 Nf6 2. g3 g6 3. Bg2 Bg7 4. O-O O-O 5. c4 d6 6. Nc3 e5 7. Rb1 a5 8. a3 Nc6 9. b4 axb4 10. axb4 Re8 11. b5 Nd4 12. d3 Bg4 13. Nd2 Qc8 14. Nde4 Nxe4 15. Nxe4 Nxe2+ 0-1


[Site "https://www.chess.com"]

[Event "Titled Tuesday Blitz September 21 2021"]
[White "Garrido Outon, Alex"]
[Black "Bortnyk, Olexandr"]
[WhiteFideId "24516279"]
[BlackFideId "14120828"]
[WhiteElo "2131"]
[BlackElo "2723"]
[Result "0-1"]
[Round "01"]
[TimeControl "180+1"]
[Date "2021.09.21"]
[WhiteClock "0:00:01"]
[BlackClock "0:00:05"]

1. e4 Nf6 2. e5 Nd5 3. d4 d6 4. exd6 exd6 5. c4 Nb6 6. Nc3 Be7 7. Bd3 O-O 8. Nge2 Nc6 9. O-O Bg4 10. f3 Bh5 11. Be3 Bf6 12. b3 Re8 13. Qd2 a5 14. Bf2 a4 15. Ng3 Bg6 16. Bxg6 hxg6 17. Nge4 axb3 18. axb3 Rxa1 19. Rxa1 d5 20. Nxf6+ gxf6 21. c5 Nc8 22. h4 Kg7 23. h5 gxh5 24. Qf4 N8e7 25. Nb5 Ng6 26. Qxc7 Qxc7 27. Nxc7 Re2 28. Nxd5 Rd2 29. Ra4 Rd3 30. Nb4 Rd1+ 31. Kh2 Nxd4 32. Ra7 Nxb3 33. Rxb7 Rc1 34. c6 Na5 35. Bb6 Nxc6 36. Rc7 Nge5 37. Bd4 Rc4 38. Nxc6 Nxc6 39. Bf2 Kg6 40. Bg3 Rc2 41. Bf4 Nd4 42. Rxc2 Nxc2 43. Bg3 Ne3 44. Bf2 Nd5 45. Bg3 f5 46. Bf2 f4 47. Bd4 Kg5 48. Be5 Ne3 49. Bd4 Nf1+ 50. Kg1 Ng3 51. Kh2 Kf5 52. Bb6 Ne2 53. Bc7 Nc3 54. Bb8 Nd5 55. Bd6 Ne3 56. Bb8 Nf1+ 57. Kg1 Nd2 58. Kh2 Kg5 59. Bc7 Nc4 60. Bb8 Nb6 61. Bc7 Nd5 62. Bd6 Kf5 63. Bb8 Ke6 64. Ba7 Ke5 65. Bb8+ Kd4 66. Bd6 Ke3 67. Bc5+ Ke2 68. Kg1 Ke1 69. Bd6 Kd2 70. Be5 Ke2 71. Bd6 h4 72. Kh2 Kf1 73. Be5 Kf2 74. Bd6 Ne3 75. Bxf4 Nxg2 76. Bc7 Kxf3 77. Bb6 Nf4 78. Bc7 Kg4 79. Bb8 h3 80. Bc7 Nd3 81. Bb8 f5 82. Kh1 f4 83. Ba7 f3 84. Kg1 Kf4 85. Bb8+ Kg5 86. Ba7 Kg4 87. Bb6 Nf4 88. Ba7 Nd5 89. Bc5 Nc3 90. Bb6 Ne4 91. Ba7 Ng5 92. Bb8 Ne6 93. Ba7 Nf4 94. Bb6 Nd5 95. Ba7 Kf4 96. Bc5 Nc3 97. Bb6 Nb5 98. Bc5 Kg3 99. Bf2+ Kg4 100. Bc5 Kf4 101. Bb6 Ke4 102. Bf2 Kf5 103. Bb6 Nd6 104. Ba7 Nc4 105. Bc5 Nd2 106. Ba7 Ne4 107. Bb6 Nf6 108. Ba7 Ng4 109. Bb6 Ke4 110. Ba7 Kd3 111. Bb6 Ke2 112. Ba7 Ne3 0-1


[Site "https://www.chess.com"]

[Event "Titled Tuesday Blitz September 21 2021"]
[White "Gerasimenyuk, Mikhail"]
[Black "Madaminov, Mukhiddin"]
[WhiteFideId "14111845"]
[BlackFideId "14210703"]
[WhiteElo "2254"]
[BlackElo "1855"]
[Result "0-1"]
[Round "01"]
[TimeControl "180+1"]
[Date "2021.09.21"]
[WhiteClock "0:00:43"]
[BlackClock "0:00:19"]

1. d4 Nf6 2. Nf3 e6 3. Bg5 d5 4. e3 Be7 5. Nbd2 O-O 6. Bd3 b6 7. c3 Bb7 8. h4 h6 9. Bxf6 Bxf6 10. g4 g6 11. g5 hxg5 12. h5 Bg7 13. hxg6 f5 14. Ne5 g4 15. f4 Nd7 16. Qe2 Nxe5 17. dxe5 d4 18. Qh2 Re8 19. exd4 Bxh1 20. Qxh1 c5 21. Nb3 Rc8 22. O-O-O c4 23. Bxc4 Rxc4 24. Nd2 Rc8 25. Nf1 Re7 26. Ne3 Qe8 27. Qh7+ Kf8 28. d5 Qa4 29. d6 Rd7 30. Qh2 Qxa2 31. Nc2 Qc4 32. Qf2 Qe4 33. Rh1 Qxh1+ 34. Ne1 Qe4 35. Kd2 Bh6 36. Nd3 Kg7 37. Qh4 Bxf4+ 38. Kc2 Kxg6 39. Qf6+ Kh5 40. Qxe6 Rcd8 41. Qf6 Qxd3+ 42. Kb3 Qd5+ 43. Kc2 Qf7 0-1


[Site "https://www.chess.com"]

[Event "Titled Tuesday Blitz September 21 2021"]
[White "Goltsev, Dmitry"]
[Black "Pacheco Lugo, Alejandro Jose"]
[WhiteFideId "24176710"]
[BlackFideId "3903745"]
[WhiteElo "2334"]
[BlackElo "2125"]
[Result "1-0"]
[Round "01"]
[TimeControl "180+1"]
[Date "2021.09.21"]
[WhiteClock "0:02:17"]
[BlackClock "0:02:32"]

1. e4 c5 2. Nf3 d6 3. d4 cxd4 4. Nxd4 Nf6 5. Nc3 a6 6. a4 e5 7. Nb3 Be6 8. Be2 Be7 9. O-O O-O 10. Be3 Qc7 11. f4 Rc8 12. Nd2 Nc6 13. f5 Bd7 14. g4 h6 15. h4 Nb4 16. g5 hxg5 17. hxg5 Nh7 18. g6 fxg6 19. fxg6 Nf6 20. Bc4+ Kf8 21. Qh5 Ke8 22. Qh8+ Bf8 23. Rxf6 gxf6 24. g7 1-0


[Site "https://www.chess.com"]

[Event "Titled Tuesday Blitz September 21 2021"]
[White "Hamley, Ryan"]
[Black "Svane, Rasmus"]
[WhiteFideId "30959497"]
[BlackFideId "4657101"]
[WhiteElo "2431"]
[BlackElo "2643"]
[Result "0-1"]
[Round "01"]
[TimeControl "180+1"]
[Date "2021.09.21"]
[WhiteClock "0:00:26"]
[BlackClock "0:00:06"]

1. e4 c6 2. d4 d5 3. e5 Bf5 4. h4 h5 5. Bd3 Bxd3 6. Qxd3 Qa5+ 7. c3 e6 8. Nh3 Qa6 9. Qxa6 Nxa6 10. Be3 Ne7 11. Nd2 Nf5 12. Nf4 Be7 13. g3 c5 14. a3 Rc8 15. Ke2 Kd7 16. Rac1 Rc6 17. b4 cxd4 18. cxd4 Nc7 19. Kd3 Rxc1 20. Rxc1 a5 21. bxa5 Ra8 22. Nb3 Bxa3 23. Ra1 Nb5 24. Nxh5 Rc8 25. Bd2 Rc4 26. Ra2 Be7 27. a6 bxa6 28. Rxa6 Nfxd4 29. Nxd4 Rxd4+ 30. Kc2 g6 31. Nf6+ Bxf6 32. exf6 e5 33. Rb6 Nd6 34. Bc3 Rc4 35. Kb3 e4 36. g4 Rc8 37. Bb4 Nc4 38. Rb7+ Ke6 39. g5 Ne5 40. Bc3 Nc6 41. Rb6 Kf5 42. Rb5 Ke6 43. Rb6 Kd6 44. Kc2 Kc5 45. Rb7 d4 46. Be1 Kd5 47. Rxf7 Ne5+ 0-1


[Site "https://www.chess.com"]

[Event "Titled Tuesday Blitz September 21 2021"]
[White "Hampel, Felix"]
[Black "Hambleton, Aman"]
[WhiteFideId "24668125"]
[BlackFideId "2606577"]
[WhiteElo "2288"]
[BlackElo "2552"]
[Result "0-1"]
[Round "01"]
[TimeControl "180+1"]
[Date "2021.09.21"]
[WhiteClock "0:00:05"]
[BlackClock "0:00:07"]

1. c4 e5 2. Nc3 Bb4 3. Nd5 Bc5 4. Nf3 c6 5. b4 Bf8 6. Nc3 d6 7. d4 Nd7 8. Bb2 Ngf6 9. dxe5 dxe5 10. a3 e4 11. Ng5 e3 12. fxe3 a5 13. c5 axb4 14. axb4 Rxa1 15. Bxa1 Qe7 16. Qd4 b6 17. cxb6 Qxb4 18. g3 Qxb6 19. Qxb6 Nxb6 20. Bg2 Nbd5 21. e4 Ne3 22. Bf3 Nc2+ 23. Kd2 Nxa1 24. Rxa1 h6 25. e5 Nd5 26. Nxd5 cxd5 27. Ra8 Bb4+ 28. Kd1 O-O 29. Ne4 dxe4 30. Bxe4 Be6 31. Ra7 Rd8+ 32. Kc1 Bc5 33. Rc7 Be3+ 34. Kb1 Bd4 35. Rb7 Bxe5 36. g4 Rb8 37. Rxb8+ Bxb8 38. h3 g6 39. Kc2 Kg7 40. Kd3 Kf6 0-1


[Site "https://www.chess.com"]

[Event "Titled Tuesday Blitz September 21 2021"]
[White "Dronavalli, Harika"]
[Black "Zhukov, Maksim"]
[WhiteFideId "5015197"]
[BlackFideId "34181790"]
[WhiteElo "2422"]
[BlackElo "1978"]
[Result "1/2-1/2"]
[Round "01"]
[TimeControl "180+1"]
[Date "2021.09.21"]
[WhiteClock "0:00:49"]
[BlackClock "0:01:02"]

1. d4 Nf6 2. c4 g6 3. g3 Bg7 4. Bg2 O-O 5. Nc3 d6 6. Nf3 Nc6 7. O-O e5 8. dxe5 Nxe5 9. b3 Nxf3+ 10. Bxf3 Re8 11. Bb2 Bh3 12. Re1 c6 13. Qd2 Qc7 14. Rad1 Rad8 15. e4 Ng4 16. Bg2 Bxg2 17. Kxg2 Ne5 18. h3 h5 19. f4 Nd7 20. Qxd6 Qxd6 21. Rxd6 Nc5 22. Rxd8 Rxd8 23. Re2 Rd3 24. e5 a5 25. Nb1 h4 26. gxh4 Bh6 27. Rd2 Bxf4 28. Rxd3 Nxd3 29. Bc3 Bxe5 30. Bxa5 Nf4+ 31. Kf3 Nxh3 32. Bc3 Bd6 33. Bd2 f6 34. a4 g5 35. hxg5 Nxg5+ 36. Bxg5 fxg5 37. Nc3 Kf7 38. Ne4 Be7 39. Kg4 Ke6 40. Nd2 Ke5 41. Nf3+ Ke4 42. a5 Kd3 43. a6 bxa6 44. Ne5+ Kc3 45. Nxc6 Bf6 46. Nb8 a5 47. Nc6 Kxb3 48. Nxa5+ Kb4 49. Nc6+ Kxc4 50. Kf5 Kd5 51. Nb4+ Kc4 52. Nc2 Kd3 53. Ne1+ Ke2 54. Ng2 Kf3 55. Ne1+ Kf2 56. Nd3+ Ke3 57. Ne1 Ke2 58. Ng2 Kf2 59. Kxf6 g4 60. Kg5 g3 61. Nh4 g2 62. Nxg2 1/2-1/2


[Site "https://www.chess.com"]

[Event "Titled Tuesday Blitz September 21 2021"]
[White "Hasman, Cengiz"]
[Black "Peralta, Eduardo"]
[WhiteFideId "413364"]
[BlackFideId "3700062"]
[WhiteElo "2020"]
[BlackElo "2159"]
[Result "0-1"]
[Round "01"]
[TimeControl "180+1"]
[Date "2021.09.21"]
[WhiteClock "0:00:10"]
[BlackClock "0:00:33"]

1. e4 c5 2. Nf3 Nc6 3. d4 cxd4 4. Nxd4 Nf6 5. Nc3 d6 6. Be2 e5 7. Nf3 h6 8. O-O Be7 9. h3 O-O 10. Be3 Be6 11. Qd2 d5 12. exd5 Nxd5 13. Nxd5 Qxd5 14. Qxd5 Bxd5 15. Rfd1 Be6 16. c3 f5 17. Bb5 e4 18. Bxc6 bxc6 19. Ne5 Rfc8 20. Rd2 a5 21. a3 Rab8 22. Ng6 Bf6 23. Bf4 Rb7 24. Be5 Kf7 25. Bxf6 Kxf6 26. Nf4 Bf7 27. Re1 g5 28. Ne2 c5 29. Nc1 Rcb8 30. Ree2 Bc4 31. Re1 Rxb2 32. Rxb2 Rxb2 33. Rd1 Rc2 34. g3 Rxc3 35. h4 Rxa3 36. Rd2 Ra1 37. Rc2 Bd3 38. Rxc5 a4 39. Kg2 g4 40. Rc3 Bb5 41. Rc5 Rb1 42. Na2 Bd3 43. Nc3 Rb4 44. Ra5 Rc4 45. Nxa4 Rc1 46. Nc5 Bf1+ 47. Kh2 Be2 48. Nb3 Rd1 49. Ra2 Bf3 50. Rb2 Rh1# 0-1


[Site "https://www.chess.com"]

[Event "Titled Tuesday Blitz September 21 2021"]
[White "Ider, Borya"]
[Black "Gubanov, Oleg"]
[WhiteFideId "4901134"]
[BlackFideId "14115115"]
[WhiteElo "2512"]
[BlackElo "2128"]
[Result "1-0"]
[Round "01"]
[TimeControl "180+1"]
[Date "2021.09.21"]
[WhiteClock "0:01:56"]
[BlackClock "0:00:34"]

1. Nf3 b5 2. e3 a6 3. a4 b4 4. d4 Bb7 5. Nbd2 Nf6 6. Bd3 d5 7. a5 e6 8. c3 c5 9. cxb4 cxb4 10. Ne5 Bd6 11. f4 O-O 12. O-O Nc6 13. Qa4 Rc8 14. Nb3 Ne4 15. Bd2 f6 16. Nxc6 Bxc6 17. Qa2 Bb7 18. Qa4 Bc6 19. Qa2 Bb7 20. Rfc1 Qd7 21. Be1 Rxc1 22. Rxc1 Rc8 23. Qb1 Rxc1 24. Qxc1 Qc7 25. Qxc7 Bxc7 26. Bxb4 Kf7 27. Nc5 Nxc5 28. dxc5 Ke8 29. Bc3 h6 30. b4 Kd7 31. Kf2 Kc6 32. h4 e5 33. fxe5 fxe5 34. Be2 Bc8 35. Kf3 g5 36. hxg5 hxg5 37. Kf2 Bb8 38. Ke1 Bc7 39. Kd2 Bb8 40. Kc2 Bc7 41. Kb3 Kb7 42. Ka4 Bd7+ 43. b5 axb5+ 44. Bxb5 Bf5 45. c6+ Ka7 46. Bb4 Be4 47. Bc5+ Kb8 48. a6 Bxg2 49. a7+ Ka8 50. Ba6 1-0


[Site "https://www.chess.com"]

[Event "Titled Tuesday Blitz September 21 2021"]
[White "Kamsky, Gata"]
[Black "Melikhov, Evgeny V."]
[WhiteFideId "2000024"]
[BlackFideId "4122046"]
[WhiteElo "2603"]
[BlackElo "1927"]
[Result "1-0"]
[Round "01"]
[TimeControl "180+1"]
[Date "2021.09.21"]
[WhiteClock "0:01:29"]
[BlackClock "0:00:36"]

1. e4 e5 2. Nf3 Nc6 3. Bb5 a6 4. Ba4 Nf6 5. O-O Nxe4 6. d4 b5 7. Bb3 d5 8. dxe5 Be6 9. Qe2 Be7 10. Rd1 O-O 11. c4 bxc4 12. Bxc4 Bc5 13. Be3 Bxe3 14. Qxe3 Qb8 15. Bb3 Na5 16. Nbd2 Qa7 17. Qxa7 Rxa7 18. Rac1 Nxd2 19. Nxd2 Nxb3 20. Nxb3 Rb8 21. Rd2 Rab7 22. f4 a5 23. Nxa5 Rxb2 24. Rxb2 Rxb2 25. Rxc7 Rxa2 26. Nc6 h6 27. f5 Kh7 28. fxe6 fxe6 29. Nd4 Rd2 30. Nxe6 Re2 31. Rxg7+ Kh8 32. Rg6 Rxe5 33. Rxh6+ Kg8 34. Nf4 1-0


[Site "https://www.chess.com"]

[Event "Titled Tuesday Blitz September 21 2021"]
[White "Karas, Marek"]
[Black "Rojas Alarcon, Julian Antonio"]
[WhiteFideId "14928558"]
[BlackFideId "5107407"]
[WhiteElo "2273"]
[BlackElo "2333"]
[Result "0-1"]
[Round "01"]
[TimeControl "180+1"]
[Date "2021.09.21"]
[WhiteClock "0:01:15"]
[BlackClock "0:01:54"]

1. Nf3 Nf6 2. d4 e6 3. Bf4 g6 4. e3 b6 5. Nbd2 Bb7 6. Bd3 d6 7. Qe2 Nbd7 8. h3 Qe7 9. O-O Bg7 10. a4 e5 11. dxe5 dxe5 12. Bg5 e4 13. Nxe4 Bxe4 14. Bb5 O-O 15. Nd4 a6 16. Bc4 Ne5 17. Bb3 c5 18. Nf3 Bxf3 19. gxf3 c4 20. Bxc4 Nxc4 21. Qxc4 Rfc8 22. Qb3 Qe6 23. Qxe6 fxe6 24. c3 Rd8 25. Rfd1 Kf7 26. Kg2 h6 27. Bf4 Nd5 28. Bg3 g5 29. Kf1 Rd7 30. Rd3 Rad8 31. Rad1 Nxe3+ 0-1


[Site "https://www.chess.com"]

[Event "Titled Tuesday Blitz September 21 2021"]
[White "Karavade, Eesha"]
[Black "Tisaj, Domen"]
[WhiteFideId "5012600"]
[BlackFideId "14628708"]
[WhiteElo "2258"]
[BlackElo "2272"]
[Result "0-1"]
[Round "01"]
[TimeControl "180+1"]
[Date "2021.09.21"]
[WhiteClock "0:00:01"]
[BlackClock "0:00:05"]

1. d4 Nf6 2. c4 e6 3. Nc3 Bb4 4. Qc2 d5 5. cxd5 Qxd5 6. Nf3 Qf5 7. Qxf5 exf5 8. Bd2 c6 9. e3 O-O 10. Bd3 Be6 11. a3 Bd6 12. Ke2 Nbd7 13. Rhc1 Rfe8 14. g3 g6 15. Kf1 Rad8 16. Be1 c5 17. Nb5 Bb8 18. Be2 a6 19. Nc3 Ba7 20. Na4 cxd4 21. Nxd4 Bxd4 22. exd4 Bd5 23. Ba5 Rc8 24. Nc5 Nxc5 25. dxc5 Ne4 26. Bb4 Bc6 27. f3 Ng5 28. Kf2 f4 29. Bd2 fxg3+ 30. hxg3 Ne6 31. Be3 Ng7 32. g4 h5 33. gxh5 Nxh5 34. Bc4 Rcd8 35. Rd1 Ng7 36. Rxd8 Rxd8 37. Rg1 Kf8 38. Rh1 Nh5 39. Bh6+ Kg8 40. Rg1 Kh7 41. Bg5 Rd7 42. Re1 Kg7 43. Be7 Nf4 44. Bd6 Nh3+ 45. Kg3 Ng5 46. Be5+ f6 47. Bd6 Nxf3 48. Re8 Ne5 49. Bxe5 fxe5 50. Rxe5 Rd2 51. Re7+ Kf6 52. Rf7+ Kg5 53. b4 Rc2 54. Be6 Rc3+ 55. Kf2 Rxa3 56. Rc7 Ra4 57. Bc8 Rxb4 0-1


[Site "https://www.chess.com"]

[Event "Titled Tuesday Blitz September 21 2021"]
[White "Kim, Sergey"]
[Black "Khanin, Semen"]
[WhiteFideId "13700570"]
[BlackFideId "4111990"]
[WhiteElo "2416"]
[BlackElo "2449"]
[Result "0-1"]
[Round "01"]
[TimeControl "180+1"]
[Date "2021.09.21"]
[WhiteClock "0:00:01"]
[BlackClock "0:00:13"]

1. d4 Nf6 2. c4 g6 3. Nc3 d5 4. cxd5 Nxd5 5. e4 Nxc3 6. bxc3 Bg7 7. Bc4 c5 8. Ne2 Nc6 9. Be3 O-O 10. O-O b6 11. Rc1 Bb7 12. Qd2 cxd4 13. cxd4 Na5 14. Bd3 Qd7 15. Bh6 Rac8 16. Bxg7 Kxg7 17. Qg5 Nc6 18. Bb5 a6 19. Bxc6 Bxc6 20. d5 Bb5 21. Qe3 Bxe2 22. Qxe2 Qa4 23. h4 b5 24. h5 Qd4 25. Rcd1 Qe5 26. hxg6 hxg6 27. f4 Qc3 28. Rd3 Qc5+ 29. Qe3 Qxe3+ 30. Rxe3 Rc4 31. Rd1 Rd8 32. Rd2 b4 33. Kf2 a5 34. Kf3 f6 35. e5 fxe5 36. fxe5 a4 37. Re4 Rc3+ 38. Ke2 Rc5 39. d6 exd6 40. exd6 Rb5 0-1


[Site "https://www.chess.com"]

[Event "Titled Tuesday Blitz September 21 2021"]
[White "Kobalia, Mikhail"]
[Black "Yirik, Volkan"]
[WhiteFideId "4119150"]
[BlackFideId "6300782"]
[WhiteElo "2626"]
[BlackElo "2420"]
[Result "1-0"]
[Round "01"]
[TimeControl "180+1"]
[Date "2021.09.21"]
[WhiteClock "0:00:20"]
[BlackClock "0:00:31"]

1. e4 g6 2. d4 Bg7 3. Nf3 c5 4. c3 cxd4 5. cxd4 d5 6. e5 Bg4 7. Nbd2 a6 8. h3 Bxf3 9. Nxf3 e6 10. Qb3 Qd7 11. Bd3 Ne7 12. Bd2 O-O 13. h4 Nbc6 14. h5 Nf5 15. Bxf5 exf5 16. hxg6 fxg6 17. O-O-O b5 18. Kb1 a5 19. Bh6 a4 20. Qd3 Nb4 21. Qd2 Nc6 22. e6 Qe7 23. Rc1 Rac8 24. Rhe1 Bxh6 25. Qxh6 Qg7 26. Qf4 Rfe8 27. Re2 Qe7 28. Ng5 Nb4 29. Rxc8 Rxc8 30. a3 Nc6 31. Rc2 h6 32. Nf3 b4 33. axb4 Qxe6 34. Qxh6 Ne7 35. Qe3 Qd7 36. Ne5 Qe6 37. Rxc8+ Nxc8 38. Qh6 Ne7 39. Qg5 Kf8 40. b5 Kg7 41. f3 Nc8 42. Qd8 Nd6 43. Qc7+ Kh6 44. Qxd6 1-0


[Site "https://www.chess.com"]

[Event "Titled Tuesday Blitz September 21 2021"]
[White "Kollars, Dmitrij"]
[Black "Jodorcovsky Werjivker, Paulo"]
[WhiteFideId "12909572"]
[BlackFideId "3700305"]
[WhiteElo "2584"]
[BlackElo "2142"]
[Result "1-0"]
[Round "01"]
[TimeControl "180+1"]
[Date "2021.09.21"]
[WhiteClock "0:02:34"]
[BlackClock "0:02:11"]

1. d4 Nf6 2. Nf3 d6 3. Nc3 d5 4. Bf4 g6 5. Nb5 Bg7 6. Nxc7+ Kf8 7. Nxa8 Nh5 8. Bxb8 Bd7 9. Be5 Qxa8 10. Bxg7+ Nxg7 11. e3 Qd8 12. c3 f6 13. Qb3 Bc6 14. Bb5 Kf7 15. O-O h5 16. Rfe1 g5 17. e4 g4 18. Nd2 h4 19. exd5 Bxd5 20. Bc4 Bxc4 21. Nxc4 Kf8 22. Qxb7 g3 23. fxg3 hxg3 24. h3 Nf5 25. Ne3 Nh4 26. Nd5 Rh7 27. Nf4 Kg8 28. Qd5+ 1-0


[Site "https://www.chess.com"]

[Event "Titled Tuesday Blitz September 21 2021"]
[White "Kovalev, Vladislav"]
[Black "Berezin, Viktor"]
[WhiteFideId "13504398"]
[BlackFideId "14107872"]
[WhiteElo "2573"]
[BlackElo "2310"]
[Result "1-0"]
[Round "01"]
[TimeControl "180+1"]
[Date "2021.09.21"]
[WhiteClock "0:00:05"]
[BlackClock "0:00:08"]

1. e4 d5 2. exd5 Nf6 3. d4 Bg4 4. f3 Bf5 5. c4 e6 6. g4 Nxg4 7. fxg4 Qh4+ 8. Kd2 Be4 9. dxe6 Bxh1 10. exf7+ Kxf7 11. Nc3 Nc6 12. Kc2 Qf2+ 13. Nge2 Bb4 14. d5 Bxc3 15. Kxc3 Ne5 16. Nd4 Nf3 17. Bf4 Rhe8 18. Ne6 Rac8 19. Bd3 Bg2 20. Qe2 Qxe2 21. Bxe2 c6 22. Bxf3 Bxf3 23. Ng5+ Kg6 24. Nxf3 cxd5 25. Ne5+ Rxe5 26. Bxe5 Rxc4+ 27. Kd3 Rxg4 28. Rf1 Rg2 29. Rf8 h5 30. Rb8 Kf5 31. Bd4 Rxh2 32. Bxg7 Rg2 33. Bd4 b6 34. Rf8+ Ke6 35. Rf6+ Ke7 36. Rh6 Rh2 37. Be5 Rh3+ 38. Kd4 Rh1 39. Kxd5 h4 40. Bd4 h3 41. Kc6 h2 42. Bc3 Ra1 43. Rxh2 Rxa2 44. Kb7 Kd6 45. Rh6+ Kc5 46. Rh4 Ra1 47. b4+ Kb5 48. Bxa1 a5 49. bxa5 bxa5 50. Bc3 a4 51. Rb4+ Ka5 52. Rb3# 1-0


[Site "https://www.chess.com"]

[Event "Titled Tuesday Blitz September 21 2021"]
[White "Kozak, Adam"]
[Black "Kabanov, Nikolai"]
[WhiteFideId "753246"]
[BlackFideId "4127820"]
[WhiteElo "2448"]
[BlackElo "2303"]
[Result "1-0"]
[Round "01"]
[TimeControl "180+1"]
[Date "2021.09.21"]
[WhiteClock "0:00:51"]
[BlackClock "0:00:02"]

1. c4 c5 2. Nf3 Nc6 3. g3 g6 4. Bg2 Bg7 5. O-O d6 6. Nc3 Nf6 7. a3 O-O 8. Rb1 a5 9. d3 Rb8 10. Ne1 h5 11. Nc2 h4 12. b4 axb4 13. axb4 cxb4 14. Nxb4 Nxb4 15. Rxb4 Qa5 16. Rb3 Nd7 17. Nd5 Re8 18. Bd2 Qd8 19. Bg5 Nc5 20. Rb1 Ne6 21. Be3 Bd4 22. Qd2 Bxe3 23. Qxe3 Kg7 24. Nb6 Bd7 25. Nxd7 Qxd7 26. Rb5 Rec8 27. Bh3 Rc7 28. gxh4 f5 29. h5 Nc5 30. Qg3 Kh8 31. hxg6 1-0


[Site "https://www.chess.com"]

[Event "Titled Tuesday Blitz September 21 2021"]
[White "Krasilnikov, Evgeni"]
[Black "Khusnutdinov, Rustam"]
[WhiteFideId "4139739"]
[BlackFideId "13701703"]
[WhiteElo "2295"]
[BlackElo "2571"]
[Result "0-1"]
[Round "01"]
[TimeControl "180+1"]
[Date "2021.09.21"]
[WhiteClock "0:00:08"]
[BlackClock "0:00:21"]

1. e4 e5 2. Nf3 Nf6 3. Nc3 Nc6 4. d4 exd4 5. Nxd4 Nxe4 6. Nxe4 Qe7 7. Bd3 Nxd4 8. O-O d5 9. Nc3 Be6 10. Re1 O-O-O 11. Be3 Nc6 12. Nb5 Kb8 13. c3 a6 14. Nd4 Nxd4 15. Bxd4 Qd7 16. b4 Bd6 17. a4 Bf5 18. Bf1 Rhe8 19. b5 a5 20. b6 c6 21. Qd2 f6 22. Rxe8 Rxe8 23. Re1 Rxe1 24. Qxe1 Qe7 25. Qd2 Kc8 26. f3 Be5 27. Bf2 Qd6 28. g3 g5 29. Kg2 h5 30. Be3 Bd7 31. f4 d4 32. fxe5 Qd5+ 33. Kg1 dxe3 34. Qxd5 cxd5 35. exf6 Be8 36. Bh3+ Kd8 37. Be6 Bxa4 38. Kf1 Bc6 39. Ke2 a4 40. Bf5 a3 41. Bb1 Bb5+ 42. Kxe3 Bc4 43. Kd4 a2 44. Bxa2 Bxa2 45. Ke5 Kd7 46. Kf5 g4 47. Kg6 Ke8 48. Kg7 d4 49. cxd4 Bd5 50. Kg6 Bf7+ 51. Kg7 Be6 52. Kg6 Kf8 53. Kxh5 Kf7 54. Kg5 Bd7 55. d5 Bc8 56. d6 Bd7 57. Kf4 Kxf6 58. Ke4 Ke6 59. Kf4 Kxd6 60. Kg5 Kc5 61. Kf4 Kxb6 62. Ke5 Kc7 63. Kd5 b6 64. Kd4 Kd6 65. Kc4 b5+ 66. Kd4 Be6 67. Kc3 Ke5 68. Kb4 Bc4 69. Kc3 Ke4 70. Kd2 Kf3 0-1


[Site "https://www.chess.com"]

[Event "Titled Tuesday Blitz September 21 2021"]
[White "Krivonosov, Oleg"]
[Black "Okike, David"]
[WhiteFideId "11600349"]
[BlackFideId "8500134"]
[WhiteElo "2469"]
[BlackElo "2232"]
[Result "1-0"]
[Round "01"]
[TimeControl "180+1"]
[Date "2021.09.21"]
[WhiteClock "0:01:16"]
[BlackClock "0:01:52"]

1. Nf3 d5 2. d4 c6 3. c4 Nf6 4. cxd5 cxd5 5. Nc3 Nc6 6. Bf4 Bf5 7. e3 a6 8. Rc1 e6 9. Qb3 Na5 10. Qa4+ b5 11. Nxb5 axb5 12. Bxb5+ Nd7 13. Ne5 Nc6 14. Nxc6 Rxa4 15. Nxd8 Rxa2 16. Rc8 Bb4+ 17. Ke2 Ke7 18. Nc6+ Kf6 19. Rxh8 Rxb2+ 20. Kf3 Be4+ 21. Kg3 g5 22. Be5+ Nxe5 23. dxe5+ Kg7 24. Rb8 Bc3 25. Nd4 h5 26. h4 g4 27. Rb7 Bxd4 28. exd4 Rb3+ 29. Kh2 g3+ 30. fxg3 Rb2 31. Rg1 Kg6 32. Bc6 Rc2 33. Be8 Rd2 34. Bxf7+ Kh6 35. Bxe6 Rxd4 36. Bh3 Rd2 37. Ra1 d4 38. Ra6+ 1-0


[Site "https://www.chess.com"]

[Event "Titled Tuesday Blitz September 21 2021"]
[White "Lashkin, Jegor"]
[Black "Martin Carmona, Gaston Manuel"]
[WhiteFideId "13907808"]
[BlackFideId "22284567"]
[WhiteElo "2293"]
[BlackElo "2161"]
[Result "1-0"]
[Round "01"]
[TimeControl "180+1"]
[Date "2021.09.21"]
[WhiteClock "0:00:22"]
[BlackClock "0:00:06"]

1. a3 Nf6 2. d4 g6 3. g3 Bg7 4. Bg2 O-O 5. e4 d6 6. Nc3 Nbd7 7. Nge2 c6 8. O-O Qc7 9. h3 e5 10. Be3 Re8 11. d5 cxd5 12. exd5 Nc5 13. Qd2 h5 14. b4 Ncd7 15. Nb5 Qb8 16. c4 a6 17. Nbc3 Qc7 18. c5 Bf8 19. c6 Nb6 20. b5 bxc6 21. bxc6 Nc4 22. Qd3 Nxe3 23. fxe3 Bg7 24. e4 a5 25. Nb5 Qb6+ 26. Kh1 Ba6 27. a4 Bxb5 28. Qxb5 Reb8 29. Qxb6 Rxb6 30. Rfb1 Rxb1+ 31. Rxb1 Ne8 32. Rb7 Bh6 33. Nc3 Kf8 34. Nb5 Rc8 35. Ra7 Bd2 36. Bf1 Bb4 37. Bd3 Bc5 38. Rb7 Bb4 39. Kg2 Bc5 40. Kf3 Bb4 41. g4 h4 42. Ke2 Bc5 43. Kd2 Bb4+ 44. Kc2 Bc5 45. Kb3 Bb4 46. Na7 Ra8 47. c7 Nxc7 48. Rxc7 Bc5 49. Rc8+ Rxc8 50. Nxc8 Kg7 51. g5 f6 52. Be2 fxg5 53. Bg4 Kf8 54. Kc4 Ke8 55. Kb5 Kd8 56. Nb6 Kc7 57. Nc4 Kb7 58. Nxa5+ Kc7 59. Nc6 Bf2 60. a5 Kb7 61. a6+ Kc7 62. Ne7 Be3 63. Nxg6 Bf2 64. Nf8 Be3 65. Ne6+ Kb8 66. Kc6 Ka7 67. Kxd6 Kxa6 68. Kxe5 1-0


[Site "https://www.chess.com"]